 Dungeon Crawl Stone Soup version 0.20-a0-544-g2b9a704 (webtiles) character file.

138467 Ijustatesigmund the Unseen (level 16, -4/86 HPs)
             Began as a Spriggan Assassin on Jan 27, 2017.
             Was the Champion of Okawaru.
             Killed from afar by a Hell Sentinel (35 damage)
             ... with damnation
             ... summoned by a lich
             ... on level 2 of the Depths on Jan 31, 2017.
             The game lasted 02:28:12 (32934 turns).

Ijustatesigmund the Unseen (Spriggan Assassin)     Turns: 32934, Time: 02:28:13

Health: -4/86      AC: 12    Str:  7    XL:     16   Next: 71%
Magic:  31/32      EV: 35    Int: 23    God:    Okawaru [******]
Gold:   103        SH: 12    Dex: 21    Spells: 15/37 levels left

rFire    + . .     SeeInvis +   H - +9 dagger of Exquisite Death {flame, SInv}
rCold    + . .     Gourm    .   e - +0 troll leather armour
rNeg     . . .     Faith    +   a - +2 buckler {AC+3}
rPois    +         Spirit   .   S - +0 hat {Int+3}
rElec    .         Reflect  .   z - +2 cloak {rPois}
rCorr    .         Harm     .   (gloves unavailable)
MR       ++...                  (boots unavailable)
Stlth    ++++++++..             G - amulet of a Thousand Runes {Faith rC+ Slay+2}
Regen    0.7/turn               K - +4 ring of intelligence
                                Y - ring of protection from fire

@: about to teleport, heroism, studying Evocations, repel missiles, very quick
A: unfitting armour, see invisible, herbivore 3, speed 3, slow metabolism 2
a: Heroism, Finesse, Renounce Religion


You were on level 2 of the Depths.
You worshipped Okawaru.
Okawaru was exalted by your worship.
You were not hungry.

You visited 7 branches of the dungeon, and saw 31 of its levels.
You visited 1 bazaar.
You also visited: Volcano.

You collected 2649 gold pieces.
You spent 2546 gold pieces at shops.

Inventory:

Hand Weapons
 b - a +3 blowgun
 H - the +9 dagger of Exquisite Death (weapon) {flame, SInv}
   (You found it on level 6 of the Dungeon)

   It has been specially enchanted to burn those struck by it, causing extra
   injury to most foes and up to half again as much damage against particularly
   susceptible opponents.
   It lets you see invisible.
Missiles
 t - 3 throwing nets (quivered)
 v - 35 tomahawks
 w - 11 curare-tipped needles
 L - 9 needles of frenzy
 U - 14 needles of confusion
 V - 10 needles of sleeping
Armour
 a - a +2 buckler of protection (worn)
 e - a +0 troll leather armour (worn)
 x - a +2 robe of resistance
 z - a +2 cloak of poison resistance (worn)
 S - a +0 hat of intelligence (worn)
Jewellery
 F - an uncursed ring of resist corrosion
 G - the amulet of a Thousand Runes (around neck) {Faith rC+ Slay+2}
   (You found it on level 5 of the Dungeon)

   [amulet of faith]

   It allows you to gain divine favour quickly.
   It affects your accuracy and damage with ranged weapons and melee attacks
   (+2).
   It protects you from cold.
 J - an uncursed ring of fire
 K - a +4 ring of intelligence (right hand)
 Y - a ring of protection from fire (left hand)
Wands
 d - a wand of clouds (4/9)
 j - a wand of iceblast (11/15)
 B - a wand of digging (16/24)
 C - a wand of clouds (6/9)
 O - a wand of polymorph (5/24)
Scrolls
 c - a scroll of blinking
 f - 5 scrolls of fear
 q - 8 scrolls of recharging
 u - 15 scrolls of remove curse
 D - 2 scrolls of magic mapping
 M - 11 scrolls of teleportation
 Q - 11 scrolls of identify
 R - 4 scrolls of immolation
Potions
 h - 7 potions of haste
 i - 5 potions of brilliance
 k - 5 potions of agility
 o - 3 potions of flight
 p - 5 potions of might
 r - 7 potions of curing
 E - 7 potions of magic
 I - a potion of heal wounds
 N - 2 potions of cancellation
 P - 2 potions of resistance
 X - a potion of invisibility
Books
 m - a book of Minor Magic

   Spells                             Type                      Level
   a - Magic Dart                     Conjuration                  1
   b - Blink                          Translocation                2
   c - Call Imp                       Summoning                    2
   d - Repel Missiles                 Charms/Air                   2
   e - Slow                           Hexes                        2
   f - Conjure Flame                  Conjuration/Fire             3
   g - Mephitic Cloud                 Conjuration/Poison/Air       3
 s - a book of Beasts

   Spells                             Type                      Level
   a - Summon Butterflies             Summoning                    1
   b - Call Canine Familiar           Summoning                    3
   c - Summon Ice Beast               Ice/Summoning                4
   d - Summon Mana Viper              Hexes/Summoning              5
   e - Summon Hydra                   Summoning                    7
 y - a manual of Evocations
 A - a book of Geomancy

   Spells                             Type                      Level
   a - Sandblast                      Earth                        1
   b - Passwall                       Transmutation/Earth          2
   c - Stone Arrow                    Conjuration/Earth            3
   d - Petrify                        Transmutation/Earth          4
   e - Lee's Rapid Deconstruction     Earth                        5
Miscellaneous
 W - a phantom mirror
Comestibles
 g - 11 bread rations
 l - 16 royal jellies
 n - 16 fruits


   Skills:
 + Level 10.5(15.5) Fighting
 - Level 10.4(15.4) Short Blades
 - Level 4.0(9.0) Throwing
 - Level 6.0(11.0) Armour
 - Level 14.8(19.8) Dodging
 - Level 16.3(21.3) Stealth
 - Level 5.1(10.1) Shields
 - Level 11.1 Spellcasting
 - Level 4.6 Conjurations
 - Level 6.9 Hexes
 + Level 5.1 Charms
 - Level 2.6 Summonings
 - Level 5.1 Translocations
 - Level 3.0 Ice Magic
 + Level 3.3 Air Magic
 + Level 3.6 Poison Magic
 - Level 9.5 Invocations
 - Level 12.1 Evocations


You had 15 spell levels left.
You knew the following spells:

 Your Spells              Type           Power        Failure   Level  Hunger
a - Corona                Hex            #####..      1%          1    None
b - Ensorcelled Hibernat  Hex/Ice        #####.       1%          2    None
c - Apportation           Tloc           #####.       1%          1    None
d - Summon Butterflies    Summ           ####....     2%          1    None
e - Lesser Beckoning      Tloc           #####.....   2%          3    None
f - Dazzling Spray        Conj/Hex       #####.       1%          3    None
g - Fulminant Prism       Conj/Hex       #####.....   8%          4    None
h - Blink                 Tloc           N/A          1%          2    None
i - Repel Missiles        Chrm/Air       ####..       1%          2    None
j - Mephitic Cloud        Conj/Pois/Air  ####....     4%          3    None


Dungeon Overview and Level Annotations

Branches:
Dungeon (15/15) Temple (1/1) D:5 Lair (6/6) D:11 Swamp (4/4) Lair:3 Spider (1/4) Lair:4 Slime (0/5) Lair:5 Orc (2/2) D:11 Elf (0/3) Orc:2 Vaults (0/5) D:12 D:13 Depths (2/5) D:15

Altars:
Ashenzari
Cheibriados
Dithmenos
Elyvilon
Fedhas
Gozag
Hepliaklqana
Kikubaaqudgha
Makhleb
Nemelex Xobeh
Okawaru
Qazlal
Ru
Sif Muna
Trog
Uskayaw
Vehumet
Xom
Yredelemnul
Zin
The Shining One

Shops:
D:6 *!   Orc:1 (   Orc:2 **[?

Portals:
Hell: Depths:1
Abyss: Depths:2
Trove: D:15 (give +4 fire dragon scales)

Annotations:
D:5 Ijustatesigmund's ghost, novice SpAs
Lair:1 exclusion: oklob plant
Lair:2 exclusion: oklob plant


Innate Abilities, Weirdness & Mutations

You are very small and have problems with some larger weapons.
You are too small for most types of armour.
You have supernaturally acute eyesight. (SInv)
You are a herbivore.
You cover ground extremely quickly.
You need consume almost no food.


Message History

You hit the deep troll. You burn the deep troll.
The deep troll is severely wounded.
You puncture the deep troll! You burn the deep troll.
The deep troll is almost dead.
The deep troll bites you.
The deep troll completely misses you. x2
You hit the deep troll. You burn the deep troll.
The deep troll is almost dead.
The yaktaur shoots a bolt.
The bolt completely misses you.
The bolt hits the deep troll!!
The deep troll dies!
Your Charms skill increases to level 5!
As you read the scroll of teleportation, it crumbles to dust.
You feel strangely unstable.
The lich casts a spell.
The lich points at you and mumbles some strange words.
The bolt of cold misses you.
You see here 2 bolts.
The Hell Sentinel gestures at you.
The sphere of damnation explodes!
The damnation engulfs you!
You die...

********+* #.....(((.(####...#.
*≈≈≈≈≈≈≈≈* #....c((####,,*.#..#
+≈≈≈≈≈≈≈** ###..1#...#,∩,*'##.#
*≈≈≈≈≈≈#########...#.#.#,,,,,,*#.
*≈≈≈≈≈*#...........L.#.#**,**,,*,
*≈≈≈≈*#....#####...###,.,+,**,,*,
*≈≈≈*#...#,#####(....#*.#*,,,,**,
*≈≈**#.#,#.#...#(###..#,.**,,**,,
*≈** #,*,#....##@# *..#*..****,,,
******,*,#...))..# *,..#*,,,,,,**
*,,,,,*#....#### *,...#**,,****
*,,,,,#.#...# *,,...,****,,,
*,,,,,##....#*** ****,,,,,,,,,,
*,,,,,#.#....,,* ****,,,,,,,,,,
*,,,,,##.#...*,* *,,,,,,,,,,,,,
*,,,***.#.#.#,** *,*******,,**,
*******,∩.*####** *,* *,,**,


You could see a Hell Sentinel, a lich and a yaktaur.

Vanquished Creatures
  A sphinx (Depths:1)
  A tengu reaver (Depths:2)
  A thorn hunter (Swamp:3)
  Donald (Swamp:3)
  The ghost of Duffy the Cleaver, a journeyman NaFi of Makhleb (Orc:1)
  2 angels (Depths:1)
  A stone giant (Depths:2)
  Azrael (D:15)
  An ettin (Depths:1)
  Snorg (Orc:2)
  A fire dragon (Lair:6)
  A yaktaur captain (D:15)
  A great orb of eyes (Depths:2)
  Erolcha (D:11)
  An ice dragon (Depths:1)
  9 hydras
  Harold (Lair:2)
  4 centaur warriors
  9 alligators
  Erica (D:9)
  15 two-headed ogres
  A deep troll shaman (Depths:2)
  2 ogre magi
  A death yak (Lair:6)
  Nergalle (Lair:2)
  3 orc high priests (Orc:2)
  8 hell knights
  Sonja (Lair:2)
  A death drake (D:15)
  3 deep trolls (Depths:2)
  A spriggan druid (Swamp:2)
  A swamp dragon (Lair:6)
  5 orc knights
  A glowing orange brain (shapeshifter) (Depths:1)
  A wizard (Depths:2)
  3 unseen horrors
  Pikel (D:4)
  9 ugly things
  4 orc sorcerers
  2 deep elf magi
  A moth of wrath (D:15)
  2 wolf spiders
  3 manticores
  A cyclops (D:14)
  5 black mambas
  15 elephants
  A torpor snail (Lair:6)
  A gargoyle (D:14)
  A guardian serpent (shapeshifter) (D:15)
  A smoke demon (Volcano)
  12 spiny frogs
  2 freezing wraiths
  A kobold demonologist (D:15)
  8 komodo dragons
  A rime drake (Lair:3)
  19 yaktaurs
  3 red devils (Volcano)
  A queen bee (Lair:2)
  A demonic crawler (Spider:1)
  A jumping spider (Spider:1)
  8 trolls
  2 tyrant leeches
  A raiju (Lair:6)
  2 hornets
  5 blink frogs (Lair:1)
  9 polar bears (Lair:6)
  7 dream sheep
  3 hippogriffs
  10 slime creatures
  4 bog bodies
  Sigmund (D:4)
  8 redbacks
  A water elemental (D:15)
  3 spriggans (Swamp:2)
  A shadow (D:15)
  3 wyverns
  A wraith (D:15)
  3 tarantellas (Spider:1)
  5 fire elementals
  A human (shapeshifter) (D:15)
  16 humans (D:12)
  4 basilisks
  55 yaks
  3 steam dragons (Lair:6)
  A hungry ghost (D:14)
  10 vampire mosquitoes
  8 wargs
  9 swamp worms
  3 acid dragons
  2 soldier ants
  24 hell hounds
  16 porcupines
  8 water moccasins
  14 orc warriors
  2 swamp drakes
  An eye of draining (D:10)
  4 sky beasts
  13 black bears
  3 ice beasts
  9 ogres
  41 wolves
  3 boggarts (D:15)
  A phantom (D:9)
  A necrophage (D:10)
  4 centaurs
  33 crocodiles
  A big kobold (D:8)
  Blork the orc (D:5)
  2 wyvern zombies (D:14)
  18 bullfrogs
  A water moccasin zombie (D:9)
  3 scorpions
  24 killer bees
  3 wights (D:11)
  5 electric eels
  4 howler monkeys
  7 crimson imps
  2 hounds
  A centaur zombie (D:11)
  10 jellies
  12 orc priests
  A bullfrog skeleton (D:11)
  14 orc wizards
  Jessica (D:2)
  2 centaur skeletons
  6 iguanas
  8 worker ants
  A killer bee zombie (D:9)
  2 hound skeletons
  A howler monkey skeleton (D:11)
  2 worker ant zombies
  A gnoll (D:4)
  7 adders
  5 shadow imps
  5 oozes (D:8)
  2 adder skeletons
  A dart slug (D:1)
  7 leopard geckos
  54 orcs
  6 giant cockroaches
  4 hobgoblins
  8 jackals
  8 kobolds
  4 quokkas
  2 ball pythons (D:2)
  A bat (D:2)
  A frilled lizard (D:2)
  6 goblins
  A leopard gecko zombie (D:5)
  A quokka skeleton (D:4)
  25 rats
  A fungus (Lair:1)
832 creatures vanquished.

Vanquished Creatures (collateral kills)
  An ugly thing (D:14)
  A wyvern zombie (D:14)
2 creatures vanquished.

Vanquished Creatures (others)
  A deep troll (Depths:2)
  A yaktaur (Depths:1)
  3 slaves (D:4)
  An orc priest (Orc:2)
  An orc wizard (D:4)
  A gnoll (D:4)
  An adder (D:4)
  3 orcs (D:4)
  A giant cockroach (D:4)
  33 fungi
  26 plants
72 creatures vanquished.

Grand Total: 906 creatures vanquished

Notes
Turn   | Place    | Note
-------+----------+-------------------------------------------
     0 | D:1      | Ijustatesigmund the Spriggan Assassin began the quest for the Orb.
     0 | D:1      | Reached XP level 1. HP: 10/10 MP: 2/2
   132 | D:1      | Reached skill level 6 in Stealth
   369 | D:1      | Reached XP level 2. HP: 10/14 MP: 3/3
  1096 | D:2      | Noticed Jessica
  1116 | D:2      | Killed Jessica
  1116 | D:2      | Reached XP level 3. HP: 13/18 MP: 4/4
  1445 | D:2      | Reached XP level 4. HP: 22/22 MP: 5/5
  2130 | D:3      | Reached skill level 7 in Stealth
  2597 | D:5      | Entered Level 5 of the Dungeon
  2610 | D:5      | Found a staircase to the Ecumenical Temple.
  2615 | D:5      | Noticed Blork the orc
  2625 | Temple   | Entered the Ecumenical Temple
  2720 | Temple   | Became a worshipper of Warmaster Okawaru
  2766 | D:5      | Killed Blork the orc
  2766 | D:5      | Reached skill level 1 in Invocations
  2766 | D:5      | Reached XP level 5. HP: 26/26 MP: 5/7
  2798 | D:5      | Noticed Ijustatesigmund's ghost (novice SpAs)
  2849 | D:4      | Noticed Pikel
  2850 | D:4      | Noticed a slave
  2851 | D:4      | Noticed a slave
  2860 | D:4      | Noticed a slave
  2901 | D:4      | Killed Pikel
  2901 | D:4      | Reached * piety under Okawaru
  2901 | D:4      | Reached ** piety under Okawaru
  2901 | D:4      | Reached XP level 6. HP: 33/33 MP: 7/10
  2901 | D:4      | Reached XP level 7. HP: 37/37 MP: 7/11
  3019 | D:4      | Noticed Sigmund
  3049 | D:4      | Killed Sigmund
  3049 | D:4      | Reached skill level 5 in Dodging
  3137 | D:4      | Learned a level 1 spell: Corona
  3336 | D:4      | Reached skill level 8 in Stealth
  3475 | D:5      | Got a crude platinum amulet
  3476 | D:5      | Identified the amulet of a Thousand Runes {Faith rC+ Slay+2} (You found it on level 5 of the Dungeon)
  3556 | D:6      | Reached skill level 1 in Spellcasting
  3556 | D:6      | Reached skill level 1 in Hexes
  3628 | D:6      | Reached XP level 8. HP: 34/42 MP: 12/12
  3775 | D:6      | Found Usanut's General Store.
  3783 | D:6      | Bought a royal jelly for 26 gold pieces
  3783 | D:6      | Bought a scroll of enchant armour for 97 gold pieces
  3844 | D:6      | Got a warped dagger
  3845 | D:6      | Identified the +9 dagger of Exquisite Death {flame, SInv} (You found it on level 6 of the Dungeon)
  3945 | D:6      | Found Zexzyx's Distillery.
  3948 | D:6      | Bought a potion of heal wounds for 70 gold pieces
  4335 | D:7      | Reached skill level 9 in Stealth
  4391 | D:7      | Reached *** piety under Okawaru
  5418 | D:9      | Reached skill level 5 in Short Blades
  5419 | D:9      | Noticed Erica
  5432 | D:9      | Killed Erica
  5432 | D:9      | Reached **** piety under Okawaru
  5432 | D:9      | Reached skill level 5 in Spellcasting
  5432 | D:9      | Reached XP level 9. HP: 45/45 MP: 13/18
  5515 | D:9      | Received a gift from Okawaru
  5647 | D:9      | Noticed a troll
  5693 | D:9      | Killed a troll
  5746 | D:10     | Entered Level 10 of the Dungeon
  5839 | D:10     | Reached ***** piety under Okawaru
  6159 | D:8      | You fall through a shaft for 2 floors!
  6210 | D:10     | Reached skill level 10 in Dodging
  6473 | D:8      | Received a gift from Okawaru
  6601 | D:8      | Reached XP level 10. HP: 47/49 MP: 19/19
  6875 | D:9      | Found a sparkling altar of Nemelex Xobeh.
  7096 | D:10     | Noticed a two-headed ogre
  7239 | D:11     | Reached skill level 10 in Stealth
  7428 | D:11     | Received a gift from Okawaru
  7554 | D:11     | Noticed an unseen horror
  7629 | D:11     | Killed an unseen horror
  7629 | D:11     | Reached skill level 5 in Invocations
  7663 | D:11     | Noticed an eight-headed hydra
  7694 | D:11     | Killed an eight-headed hydra
  7694 | D:11     | Received a gift from Okawaru
  7694 | D:11     | Reached skill level 5 in Fighting
  7694 | D:11     | Reached skill level 11 in Stealth
  7717 | D:11     | Noticed Erolcha
  7736 | D:11     | Killed Erolcha
  7758 | D:11     | Reached skill level 12 in Stealth
  7891 | D:10     | Killed a two-headed ogre
  7891 | D:10     | Reached XP level 11. HP: 39/56 MP: 20/20
  8454 | D:10     | Found an opulent altar of Gozag.
  8458 | D:10     | Learned a level 2 spell: Ensorcelled Hibernation
  8669 | D:11     | Found a staircase to the Orcish Mines.
  8674 | D:11     | Noticed a white ugly thing
  9136 | D:12     | Received a gift from Okawaru
  9400 | D:11     | Found a staircase to the Lair.
  9802 | D:11     | Noticed a two-headed ogre
  9804 | D:11     | Killed a two-headed ogre
 10164 | Lair:1   | Entered Level 1 of the Lair of Beasts
 10228 | Lair:1   | Reached skill level 1 in Ice Magic
 10800 | Lair:1   | Received a gift from Okawaru
 10812 | Lair:1   | Reached XP level 12. HP: 30/62 MP: 14/25
 11435 | Lair:1   | Received a gift from Okawaru
 11805 | D:12     | Reached skill level 13 in Stealth
 11889 | D:12     | Received a gift from Okawaru
 12008 | D:12     | Noticed a six-headed hydra
 12023 | D:12     | Killed a six-headed hydra
 12110 | D:12     | Noticed a two-headed ogre
 12125 | D:12     | Killed a two-headed ogre
 12125 | D:12     | Reached skill level 14 in Stealth
 13121 | Orc:1    | Entered Level 1 of the Orcish Mines
 13227 | Orc:2    | Entered Level 2 of the Orcish Mines
 13243 | Orc:1    | Found Nagywia's Weapon Shop.
 13485 | Orc:2    | Found a staircase to the Elven Halls.
 13501 | Orc:2    | Noticed Snorg
 13514 | Orc:2    | Killed Snorg
 13528 | Orc:2    | Reached ****** piety under Okawaru
 13925 | Orc:1    | Noticed Duffy's ghost (journeyman NaFi)
 14269 | Orc:1    | Killed Duffy's ghost
 14269 | Orc:1    | Received a gift from Okawaru
 14269 | Orc:1    | Reached skill level 15 in Stealth
 14663 | Orc:2    | Noticed an orc high priest
 14667 | Orc:2    | Noticed an orc high priest
 14669 | Orc:2    | Noticed an orc high priest
 14678 | Orc:2    | Killed an orc high priest
 14678 | Orc:2    | Received a gift from Okawaru
 14681 | Orc:2    | Got a twisted hunting sling {god gift}
 14692 | Orc:2    | Killed an orc high priest
 14692 | Orc:2    | Reached skill level 16 in Stealth
 14692 | Orc:2    | Reached XP level 13. HP: 45/65 MP: 26/26
 14824 | Orc:2    | Found Afaxt's General Store.
 14824 | Orc:2    | Found Ygeulix's General Store.
 14827 | Orc:2    | Found Humyecol's Armour Boutique.
 14827 | Orc:2    | Found Itour Ziucs's Magic Scroll Emporium.
 14840 | Orc:2    | Bought a scroll of teleportation for 36 gold pieces
 14840 | Orc:2    | Bought a potion of curing for 36 gold pieces
 14840 | Orc:2    | Bought a scroll of identify for 24 gold pieces
 14845 | Orc:2    | Bought a potion of haste for 130 gold pieces
 14845 | Orc:2    | Bought a potion of curing for 39 gold pieces
 14847 | Orc:2    | Bought a +2 cloak of poison resistance for 296 gold pieces
 14848 | Orc:2    | Bought a scroll of identify for 30 gold pieces
 14848 | Orc:2    | Bought a scroll of recharging for 142 gold pieces
 14848 | Orc:2    | Bought a scroll of enchant armour for 112 gold pieces
 14870 | Orc:2    | Identified the +5 hunting sling "Errets" {freeze, Fragile rElec Dex+4} (Okawaru gifted it to you on level 2 of the Orcish Mines)
 14928 | Orc:2    | Received a gift from Okawaru
 15068 | Lair:2   | Reached skill level 1 in Evocations
 15120 | Lair:2   | Reached skill level 1 in Shields
 15186 | Lair:2   | Noticed Harold
 15491 | Lair:2   | Killed Harold
 15511 | Lair:2   | Noticed Nergalle
 15531 | Lair:2   | Killed Nergalle
 15531 | Lair:2   | Reached skill level 5 in Evocations
 16151 | Lair:2   | Noticed Sonja
 16174 | Lair:2   | Killed Sonja
 16601 | Lair:3   | Found a staircase to the Swamp.
 16676 | Lair:3   | Received a gift from Okawaru
 16960 | Lair:3   | You fall through a shaft for 2 floors!
 17491 | Lair:4   | Found a dark tunnel.
 17500 | Volcano  | Entered a volcano
 17791 | Lair:4   | Found a hole to the Spider Nest.
 17874 | Lair:4   | Reached skill level 10 in Short Blades
 18675 | Lair:5   | Reached XP level 14. HP: 68/72 MP: 27/27
 18778 | Lair:4   | Reached skill level 5 in Shields
 19030 | Lair:5   | Received a gift from Okawaru
 19118 | Lair:5   | Learned a level 1 spell: Apportation
 19120 | Lair:5   | Learned a level 1 spell: Summon Butterflies
 19270 | Lair:5   | Reached skill level 1 in Translocations
 19277 | Lair:5   | Reached skill level 1 in Summonings
 20130 | Lair:5   | Found a staircase to the Slime Pits.
 20411 | Lair:6   | Entered Level 6 of the Lair of Beasts
 20784 | Lair:6   | Reached skill level 5 in Translocations
 20908 | Lair:6   | Received a gift from Okawaru
 21310 | Lair:1   | Learned a level 3 spell: Lesser Beckoning
 21314 | Lair:1   | Learned a level 3 spell: Dazzling Spray
 21543 | Lair:6   | Reached skill level 10 in Spellcasting
 22731 | Lair:6   | Reached skill level 1 in Conjurations
 22973 | Lair:6   | Received a gift from Okawaru
 22976 | Lair:6   | Got a fabulously ornate robe {god gift}
 22987 | Lair:6   | Identified the +1 robe of Instinct {rF- rN+ Regen+ Dex+4} (Okawaru gifted it to you on level 6 of the Lair of Beasts)
 23836 | Swamp:1  | Entered Level 1 of the Swamp
 23957 | Lair:1   | Learned a level 4 spell: Fulminant Prism
 24123 | Swamp:1  | Reached XP level 15. HP: 76/76 MP: 31/31
 24708 | Swamp:2  | Reached skill level 10 in Evocations
 24716 | Swamp:2  | Reached skill level 5 in Hexes
 25257 | Swamp:2  | Received a gift from Okawaru
 25598 | Swamp:3  | Noticed a thorn hunter
 25604 | Swamp:3  | Noticed a thorn hunter
 25605 | Swamp:3  | Killed a thorn hunter
 25615 | Swamp:3  | HP: 2/76 [thorn hunter/volley of thorns (34)]
 25624 | Swamp:4  | Entered Level 4 of the Swamp
 25734 | Swamp:3  | Received a gift from Okawaru
 25840 | Swamp:3  | Noticed Donald
 25856 | Swamp:3  | Killed Donald
 26222 | Spider:1 | Entered Level 1 of the Spider Nest
 26613 | D:13     | Found a gate to the Vaults.
 26893 | D:12     | Reached skill level 1 in Armour
 27140 | D:13     | Learned a level 2 spell: Blink
 27143 | D:13     | Learned a level 2 spell: Repel Missiles
 27147 | D:13     | Learned a level 3 spell: Mephitic Cloud
 27667 | D:13     | Found a burning altar of Makhleb.
 27667 | D:13     | Noticed an Executioner
 27749 | D:14     | Received a gift from Okawaru
 27871 | D:14     | Upgraded the game from 0.20-a0-537-g052e6ba to 0.20-a0-540-ge6d1839
 28228 | D:15     | Entered Level 15 of the Dungeon
 28255 | D:15     | Found a staircase to the Depths.
 28261 | Depths:1 | Entered Level 1 of the Depths
 28306 | Depths:1 | Found a gateway to Hell.
 28488 | D:15     | Received a gift from Okawaru
 28614 | D:15     | Found a portal to a secret trove of treasure.
 28993 | D:15     | Noticed Azrael
 29029 | D:15     | Killed Azrael
 29029 | D:15     | Reached XP level 16. HP: 75/84 MP: 23/32
 29532 | D:15     | Upgraded the game from 0.20-a0-540-ge6d1839 to 0.20-a0-544-g2b9a704
 29851 | D:15     | Received a gift from Okawaru
 29988 | D:15     | Reached skill level 5 in Armour
 30443 | Depths:1 | Noticed a sphinx
 30454 | Depths:1 | Killed a sphinx
 30476 | Depths:1 | Received a gift from Okawaru
 30549 | Depths:1 | Reached skill level 10 in Fighting
 30782 | Depths:1 | Reached skill level 1 in Charms
 30782 | Depths:1 | Reached skill level 1 in Air Magic
 30792 | Depths:1 | Reached skill level 1 in Poison Magic
 30997 | Depths:2 | Found a flickering gateway to a bazaar.
 31045 | Bazaar   | Entered a bazaar
 31101 | Bazaar   | Found Uckyecle's Magic Scroll Emporium.
 31154 | Bazaar   | Found Siasa's Gadget Emporium.
 31197 | Bazaar   | Found Veneer's Book Boutique.
 31227 | Bazaar   | Found Tejachix's Gadget Emporium.
 31777 | Bazaar   | Bought a scroll of teleportation for 57 gold pieces
 31777 | Bazaar   | Bought 3 scrolls of teleportation for 171 gold pieces
 31777 | Bazaar   | Bought a scroll of brand weapon for 380 gold pieces
 31817 | Bazaar   | Bought a wand of digging (16/24) for 600 gold pieces
 31892 | Bazaar   | Bought a phantom mirror for 300 gold pieces
 32007 | Depths:2 | Noticed a tengu reaver
 32056 | Depths:2 | Killed a tengu reaver
 32837 | Depths:2 | Received a gift from Okawaru
 32848 | Depths:2 | Found a one-way gate to the infinite horrors of the Abyss.
 32919 | Depths:2 | Noticed a lich
 32931 | Depths:2 | Reached skill level 5 in Charms
 32933 | Depths:2 | Noticed a Hell Sentinel
 32934 | Depths:2 | Killed from afar by a Hell Sentinel

Vault maps used:
D:1:      scummos_arrival_gate, serial_forest, infiniplex_forest_clump_medium,
          infiniplex_forest_pool, infiniplex_forest_clump_medium,
          infiniplex_forest_lined_3_way, infiniplex_forest_straight_4,
          infiniplex_forest_straight_4, infiniplex_forest_lined_4_way,
          infiniplex_forest_lined_3
D:2:      uniq_jessica
D:3:      first_bread, nrook_loot_triangle, minmay_rat_hole
D:4:      uniq_eustachio, uniq_menkaure, uniq_sigmund, uniq_crazy_yiuf_cottage,
          uniq_pikel
D:5:      minmay_temple_entry_overgrown, uniq_grinder, uniq_blork_the_orc
D:6:      serial_shops, shop, nicolae_shop_temple_entry_statues_fountains
D:7:      minmay_misc_feat_columns, serial_bayou_lake_a
D:8:      hangedman_little_slice_of_home
D:9:      nemelex_diamond_rough_becter, uniq_erica
D:10:     grunt_gozag_breadcrumbs
D:11:     minmay_lair_entry_grove, david_orc_3, uniq_erolcha
D:12:     evilmike_butchery
D:13:     david_vaults_3, makhleb_altar_promises_db
D:14:     lemuel_flamethrower_1
D:15:     grunt_enter_depths_snipers, trove_entry_hex_spiral,
          minmay_misc_feat_tiny, minivault_14, minmay_rotating_lava, uniq_azrael
Temple:   grunt_wide_crystal_templ
Lair:1:   minmay_lair_oklob_items, st_stairs_12, beast_lair_carwin_10
Lair:2:   special_room, lemuel_fruit_tree, minmay_lair_oklob_chamber,
          grunt_megastairs_5, uniq_nergalle, uniq_harold, uniq_sonja
Lair:3:   minmay_swamp_entry_reptiles, beast_lair_carwin_6
Lair:4:   spider_nest_entry_funnel_web, enter_volcano_2
Lair:5:   minmay_slime_entry_pillars, grunt_megastairs_4, lemuel_fruit_fields,
          infiniplex_staircase_pool, serial_bayou_shore_b
Lair:6:   guppyfry_lair_end_dragon, hangedman_lair_caniforms_friends
Swamp:1:  nicolae_swamp_fairy_circle
Swamp:2:  nicolae_swamp_stair_fork
Swamp:3:  nicolae_swamp_round_clearing, swamp_pool3, nicolae_swamp_godswood,
          uniq_donald
Swamp:4:  grunt_swamp_rune_castle
Spider:1: spider_trap, uniq_agnes
Orc:1:    serial_shops, shop
Orc:2:    grunt_orc_tribal_feast, uniq_snorg
Depths:1: abrahamwl_protected_by_tso_1, special_room, serial_corexii_hall,
          corexii_hall_statues_x, corexii_hall_statues_i, hell_entry,
          abyss_entry, lightli_fourway_metalbox
Depths:2: mu_elemental_laboratory, serial_shops, bzr_entry_gold,
          pf_hell_entry_tar_spiral, hangedman_abyss_entry_splay,
          minmay_misc_feat_more_columns, serial_co_window_serial,
          co_window_of_opportunity_a, co_window_paths_b, co_window_paths_b,
          co_window_paths_b, co_window_corner_a, co_window_broadway_c,
          co_window_paths_c, co_window_corner_cb, co_window_corner_ca,
          glass_columns_a
Bazaar:   bazaar_minmay_generic_d
Volcano:  volcano_pools

Skill      XL: |  1  2  3  4  5  6  7  8  9 10 11 12 13 14 15 16 |
---------------+-------------------------------------------------+-----
Stealth        | 6 7 8 9 12 16 | 16.3
Dodging        | 2 3 4 5 7 10 11 14 | 14.8
Short Blades   | 3 4 5 8 9 10 | 10.4
Fighting       | 2 4 6 7 9 10 | 10.5
Invocations    | 1 4 6 8 9 |  9.5
Spellcasting   | 1 5 8 11 | 11.1
Hexes          | 1 4 6 |  6.9
Throwing       | 4 |  4.0
Ice Magic      | 2 3 |  3.0
Evocations     | 7 9 12 | 12.1
Shields        | 4 5 |  5.1
Translocations | 5 |  5.1
Summonings     | 2 |  2.6
Conjurations   | 3 4 |  4.6
Armour         | 4 6 |  6.0
Charms         | 5 |  5.1
Air Magic      | 3 |  3.3
Poison Magic   | 3 |  3.6

Action                   |  1- 3 |  4- 6 |  7- 9 | 10-12 | 13-15 | 16-18 || total
-------------------------+-------+-------+-------+-------+-------+-------++-------
Melee: Dagger            |    71 |    87 |   250 |   870 |  1966 |   637 ||  3881
       Punch             |       |       |     1 |    12 |       |       ||    13
 Fire: Blowgun           |     2 |    24 |    19 |    20 |    23 |       ||    88
Throw: Throwing net      |       |       |     1 |     3 |     5 |       ||     9
 Cast: Ensorcelled Hiber |       |       |       |    12 |   199 |    54 ||   265
       Dazzling Spray    |       |       |       |       |     3 |     1 ||     4
       Repel Missiles    |       |       |       |       |     1 |     1 ||     2
       Lesser Beckoning  |       |       |       |       |       |     4 ||     4
       Blink             |       |       |       |       |       |     2 ||     2
       Corona            |       |       |       |       |       |     2 ||     2
Invok: Heroism           |       |       |     8 |    17 |    29 |     9 ||    63
       Finesse           |       |       |       |     1 |     2 |     1 ||     4
Evoke: Wand              |       |     1 |     4 |    11 |     7 |     2 ||    25
  Use: Scroll            |     4 |     5 |     7 |    13 |    17 |     5 ||    51
       Potion            |       |       |       |     7 |     6 |     9 ||    22
 Stab: Sleeping          |    15 |    12 |    24 |    45 |   146 |    22 ||   264
       Confused          |       |       |     2 |     2 |       |       ||     4
       Distracted        |       |       |       |     4 |    12 |     2 ||    18
       Held in net/web   |       |       |       |     4 |     3 |       ||     7
       Invisible         |       |       |       |     7 |     6 |       ||    13
  Eat: Royal jelly       |       |       |     2 |     3 |     3 |     2 ||    10
       Fruit             |       |       |       |     1 |     6 |       ||     7
       Bread ration      |       |       |       |       |     1 |       ||     1
Armor: Robe              |     5 |    13 |    15 |    32 |    89 |       ||   154
       Troll leather arm |       |       |       |       |    13 |    38 ||    51
Dodge: Dodged            |    37 |    97 |   131 |   575 |  1445 |   383 ||  2668
       Deflected         |       |       |       |       |       |     9 ||     9
Block: Buckler           |       |       |       |       |   729 |   206 ||   935
